AoeStats
← hardrock

Arena

507593660Analyzed
4v4 RM · 12d ago on Sep 18, 2026· 49m 22s· 8 players
Game mode
Random Map
Map size
Large (8 player)
Population
200
Speed
Normal
Resources
Standard
Victory
Conquest
Starting age
Dark Age
Ending age
Imperial Age
RankedLock teamsTeams togetherTeam positionsShared explorationLock speedFull tech treeHidden civsTurbo modeCheats
Victory
Defeat
🇹🇷 Spanish · Türkiye
841
+12
🇨🇳 Huns · China
816
+13
🇺🇸 Ethiopians · United States
803
+14
🇹🇼 Khmer · Taiwan
792
+14
🇬🇧 Vikings · United Kingdom
773
-13
🇳🇴 Byzantines · Norway
760
-14
🇹🇷 Romans · Türkiye
758
-13
🇩🇪 Magyars · Germany
748
-13
riskmanager19
3:35 Loom
9:45 Feudal Age
10:12 Double-Bit Axe
13:18 Horse Collar
17:57 Wheelbarrow
18:20 Fletching
22:20 Padded Archer Armor
25:28 Castle Age
26:23 Bodkin Arrow
26:44 Leather Archer Armor
26:13 Elite Skirmisher
26:59 Thumb Ring
28:44 Bow Saw
30:59 Heavy Plow
31:29 Stone Mining
31:33 Gold Mining
32:04 Hand Cart
37:39 Imperial Age
39:12 Imperial Age
39:13 Squires
38:33 Pikeman
40:18 Forging
40:08 Scale Mail Armor
42:01 Iron Casting
40:50 Halberdier
43:29 Treadmill Crane
44:31 Arson
47:23 Chain Mail Armor
49:17 Gold Shaft Mining
Señor_Bingus
1:11 Loom
12:48 Feudal Age
18:14 Castle Age
19:06 Double-Bit Axe
19:10 Horse Collar
24:57 Scale Barding Armor
25:44 Bow Saw
25:42 Heavy Plow
27:22 Corvinian Army
28:00 Bloodlines
27:52 Husbandry
29:13 Wheelbarrow
28:23 Town Watch
30:10 Chain Barding Armor
34:10 Imperial Age
32:10 Caravan
38:58 Plate Barding Armor
40:54 Elite Magyar Huszar
hardrock
9:47 Feudal Age
8:27 Loom
10:21 Double-Bit Axe
10:17 Horse Collar
17:17 Scale Mail Armor
17:50 Gold Mining
20:47 Castle Age
20:57 Forging
20:20 Man-at-Arms
23:48 Gold Shaft Mining
23:04 Stone Mining
23:29 Bow Saw
23:21 Heavy Plow
24:59 Wheelbarrow
24:12 Long Swordsman
26:06 Iron Casting
33:39 Imperial Age
31:30 Hand Cart
32:48 Pikeman
33:29 Squires
33:48 Chain Mail Armor
33:41 Scale Barding Armor
35:13 Halberdier
38:03 Blast Furnace
39:35 Conscription
45:12 Crop Rotation
45:41 Ballistas
sam.pidgeon
7:53 Loom
12:46 Feudal Age
13:18 Double-Bit Axe
18:59 Scale Mail Armor
19:33 Man-at-Arms
20:26 Forging
24:12 Castle Age
22:47 Padded Archer Armor
24:13 Horse Collar
25:45 Squires
26:07 Bow Saw
26:08 Fletching
25:47 Elite Skirmisher
27:34 Heavy Plow
27:47 Crossbowman
29:34 Scale Barding Armor
29:30 Town Watch
31:07 Ballistics
30:43 Murder Holes
32:02 Long Swordsman
32:51 Gold Mining
33:22 Pikeman
34:24 Gambesons
37:02 Treadmill Crane
37:34 Town Patrol
38:21 Chieftains
38:50 Chain Mail Armor
39:24 Bodkin Arrow
41:38 Light Cavalry
44:52 Imperial Age
42:42 Masonry
Animal Mother
13:10 Feudal Age
11:39 Loom
17:53 Fletching
18:03 Arson
19:23 Padded Archer Armor
20:31 Double-Bit Axe
23:33 Castle Age
23:04 Horse Collar
23:20 Double-Bit Axe
23:39 Crossbowman
23:59 Elite Skirmisher
25:59 Bodkin Arrow
12121212
0:58 Loom
11:52 Feudal Age
12:39 Double-Bit Axe
12:37 Horse Collar
19:09 Castle Age
17:31 Stone Mining
17:36 Gold Mining
19:22 Wheelbarrow
19:26 Padded Archer Armor
19:16 Fletching
20:01 Bow Saw
20:28 Heavy Plow
24:05 Leather Archer Armor
25:15 Pikeman
25:56 Squires
26:52 Scale Mail Armor
27:02 Forging
30:51 Imperial Age
28:38 Chain Mail Armor
30:22 Bodkin Arrow
33:03 Two-Man Saw
32:03 Arson
32:52 Plate Mail Armor
32:53 Ring Archer Armor
32:24 Bracer
33:01 Conscription
33:38 Husbandry
33:49 Bloodlines
33:59 Light Cavalry
35:14 Hussar
37:07 Supremacy
36:12 Onager
36:57 Cavalier
40:36 Paladin
42:08 Inquisition
43:23 Elite Conquistador
47:14 Scale Barding Armor
49:50 Chain Barding Armor
50:07 Iron Casting
An
11:18 Feudal Age
16:01 Castle Age
14:04 Double-Bit Axe
15:03 Stone Mining
28:25 Imperial Age
27:09 Gold Mining
27:30 Marauders
27:47 Forging
27:42 Scale Barding Armor
28:13 Husbandry
28:24 Bloodlines
31:23 Horse Collar
37:16 Heavy Plow
37:55 Wheelbarrow
37:13 Loom
42:43 Pikeman
47:43 Halberdier
wdog30213
11:01 Feudal Age
10:45 Loom
14:47 Castle Age
12:45 Double-Bit Axe
13:28 Horse Collar
14:50 Wheelbarrow
22:00 Bow Saw
22:40 Heavy Plow
22:39 Gold Mining
23:13 Hand Cart
27:56 Scale Barding Armor
28:02 Forging
29:16 Chain Barding Armor
30:03 Iron Casting
29:34 Light Cavalry
30:24 Bloodlines
30:15 Husbandry
33:15 Imperial Age
31:22 Fletching
33:45 Hussar
36:19 Plate Barding Armor
41:45 Blast Furnace
40:41 Bodkin Arrow
43:27 Bracer
45:58 Double Crossbow
45:19 Elite Ballista Elephant
49:02 Siege Engineers
49:58 Chemistry
Connection lost

Rejoining the realm…

Still unreachable

The connection could not be restored.

Session expired

The server has moved on; the page needs a fresh start.